 Dungeon Crawl Stone Soup version 0.26-a0-851-g735459dd53 (webtiles) character file.

Game seed: 15587158301071133259

8 Froggeryz the Sneak (level 2, -2/24 HPs)
             Began as a Formicid Delver on Nov 21, 2020.
             Slain by an adder (3 damage)
             ... on level 3 of the Dungeon.
             The game lasted 00:01:28 (224 turns).

Froggeryz the Sneak (Formicid Delver)                Turns: 224, Time: 00:01:28

Health: -2/24      AC:  3    Str: 16    XL:     2   Next: 15%
Magic:  2/2        EV: 12    Int:  9    God:
Gold:   15         SH:  0    Dex: 12    Spells: 1/1 levels left

rFire    . . .     SeeInvis +   h - +0 war axe
rCold    . . .     Faith    .   (no shield)
rNeg     . . .     Spirit   .   b - +0 leather armour
rPois    .         Reflect  .   (helmet unavailable)
rElec    .         Harm     .   (no cloak)
rCorr    .         Rampage  .   (no gloves)
MR       .....                  (no boots)
Stlth    +++.......             (no amulet)
HPRegen  0.08/turn              (no ring)
MPRegen  0.08/turn              (no ring)

@: lethally poisoned (-2 -> -5)
A: permanent stasis, dig shafts and tunnels, four strong arms, antennae 3
a: Dig, Shaft Self


You were on level 3 of the Dungeon.
You visited 1 branch of the dungeon, and saw 4 of its levels.

You collected 15 gold pieces.

Inventory:

Hand Weapons
 a - a +0 hand axe
 h - a +0 war axe (weapon)
Armour
 b - a +0 leather armour (worn)
Wands
 f - a wand of digging (3)
Scrolls
 c - a scroll of fog
 d - 2 scrolls of magic mapping
Potions
 e - a potion of berserk rage


   Skills:
 - Level 3.2 Fighting
 * Level 2.5 Axes
 + Level 0.9 Armour
 - Level 1.7 Dodging
 - Level 6.0 Stealth


You had one spell level left.
You didn't know any spells.
Your spell library contained the following spells:

 Spells                   Type           Power        Failure   Level
 Shock                    Conj/Air       #...         45%         1
 Static Discharge         Conj/Air       #.......     83%         3
 Airstrike                Air            #.........   99%         4
 Lightning Bolt           Conj/Air       #.........   100%        5
 Swiftness                Air            Unusable     N/A         2

Dungeon Overview and Level Annotations

Branches:
Dungeon (6/15)
 Temple: D:4-7

Altars:
Zin

Annotations:
D:4 Blork the orc


Innate Abilities, Weirdness & Mutations

You cannot be hasted, slowed, berserked, paralysed or teleported.
You can dig through walls and to a lower floor.
Your four strong arms can wield two-handed weapons with a shield.
You have a pair of large antennae on your head. (SInv)


Message History

You feel sick. The adder completely misses you.
It was a potion of berserk rage.
Your stasis prevents you from going berserk.
The adder bites you.
* * * LOW HITPOINT WARNING * * *
You are more poisoned.
The adder poisons you! The adder barely misses you.
It was a potion of curing.
You feel better. The adder bites you.
* * * LOW HITPOINT WARNING * * *
You closely miss the adder.
The adder is heavily wounded.
The adder bites you.
* * * LOW HITPOINT WARNING * * *
You are lethally poisoned!
The adder poisons you! The adder misses you.
You barely miss the adder.
The adder is heavily wounded.
* * * LOW HITPOINT WARNING * * *
You feel sick. The adder bites you.
You die...

.......
.....
.....
##...#
#....#
{
#....#
{
#....#
{
#..@.#
{
#.S..#
#....#
##...#
##..#
####


You could see an adder.

Vanquished Creatures
  2 adder skeletons
  A quokka (D:5)
3 creatures vanquished.

Notes
Turn   | Place    | Note
-------+----------+-------------------------------------------
     0 | D:5      | Froggeryz the Formicid Delver began the quest for the Orb.
     0 | D:5      | Reached XP level 1. HP: 18/18 MP: 1/1
    25 | D:5      | Noticed a worker ant
    33 | D:6      | Found a glowing silver altar of Zin.
   177 | D:4      | Reached XP level 2. HP: 24/24 MP: 2/2
   177 | D:4      | Noticed Blork the orc
   199 | D:4      | Noticed an ogre
   221 | D:3      | HP: 1/24 [adder (2)]
   224 | D:3      | Slain by an adder

Illustrated notes

Levels and vault maps discovered:
D:3:      layout_rooms, marbit_many_paths, lemuel_crystal_altar, serial_curves,
          eino_curves_01, eino_curves_03, chequers_ecumenical_altar_simple,
          st_stairs_5
D:4:      layout_rooms, minmay_temple_entry_antechambers, portal_sewer_entry_f,
          uniq_blork_the_orc
D:5:      layout_basic, kennysheep_mini_moat, trog_eyes_of_draining,
          kennysheep_big_empty_room, kennysheep_doodads
D:6:      layout_rooms, lemuel_crystal_altar, kennysheep_small_spiral

Action                   || total
-------------------------++-------
Melee: Hand axe          ||     6
       War axe           ||    12
 Abil: Dig               ||     5
  Use: Scroll            ||     1
       Potion            ||     2
 Stab: Sleeping          ||     1
Armor: Leather armour    ||     6
Dodge: Dodged            ||    18

Table legend: (Time is in decaauts)
 A = Elapsed time spent in this place.
 B = Non-inter-level travel time spent in this place.
 C = Inter-level travel time spent in this place.
 D = Time resting spent in this place.
 E = Time spent auto-exploring this place.
 F = Levels seen in this place.
 G = Mean time per level.
                   A        B        C        D        E       F      G
               +--------+--------+--------+--------+--------+-----+--------+
         Total |    232 |    232 |      0 |     30 |      4 |   4 |   58.0 |
       Dungeon |    232 |    232 |      0 |     30 |      4 |   4 |   58.0 |
               +--------+--------+--------+--------+--------+-----+--------+

Top non-repeatable levels by time:
     D:5: 144 daAuts
     D:4: 43 daAuts
     D:6: 30 daAuts
     D:3: 13 daAuts
